Map: [ESL] Hard Lead

Players

Krystianer

  • Race: Protoss Protoss
  • Spawn Location: 11:00

Clem - Winner!

  • Race: Terran Terran
  • Spawn Location: 5:00

Event: ESL SC2 Masters 2023 Winter (Regional)

VOD

Have the link to the VOD?

Description

Time

  • Played on: Nov. 9, 2023, 11:05 a.m.
  • Length: 9:26

All games in this series

Show
View Real Time Build Order
Export as new Build Order

Krystianer Protoss 

Build Orders: 1 Gate Expand, Zealot Archon, Colossus Rush 

Get SALT Encoding   

  12  0:00  Probe  
  13  0:12  Probe  
  14  0:16  Pylon  
  14  0:24  Probe (Chrono Boost)  
  16  0:36  Gateway, Probe (Chrono Boost)  
  16  0:42  Probe (Chrono Boost)  
  16  0:45  Assimilator  
  17  0:50  Probe  
  18  1:03  Probe  
  19  1:15  Probe  
  20  1:22  Nexus  
  20  1:32  Cybernetics Core  
  20  1:35  Probe  
  21  1:40  Assimilator  
  21  1:47  Probe  
  21  1:50  Pylon  
  22  1:59  Probe  
  23  2:06  Adept (Chrono Boost)  
  23  2:08  Warp Gate  
  23  2:12  Probe  
  26  2:16  Robotics Facility  
  26  2:24  Probe (Chrono Boost)  
  26  2:28  Stalker  
  29  2:33  Probe (Chrono Boost)  
  31  2:38  Probe (Chrono Boost)  
  32  2:44  Probe (Chrono Boost)  
  32  2:47  Probe (Chrono Boost)  
  32  2:50  Probe (Chrono Boost)  
  34  2:51  Probe (Chrono Boost)  
  35  3:00  Probe  
  35  3:02  Probe  
  35  3:04  Stalker  
  39  3:07  Robotics Bay  
  39  3:12  Probe  
  40  3:14  Probe  
  40  3:19  Gateway  
  41  3:24  Probe  
  41  3:26  Warp Prism (Chrono Boost)  
  44  3:28  Probe  
  44  3:32  Pylon  
  45  3:36  Probe  
  46  3:46  Pylon  
  46  3:48  Gravitic Drive  
  46  3:50  Probe x2  
  48  3:57  Colossus (Chrono Boost)  
  48  4:01  Assimilator  
  54  4:04  Probe  
  54  4:06  Probe  
  56  4:13  Stalker  
  56  4:16  Probe  
  59  4:18  Probe, Stalker  
  59  4:19  Pylon  
  62  4:37  Probe x2  
  62  4:38  Nexus  
  64  4:46  Twilight Council, Forge  
  64  4:49  Probe, Pylon  
  64  4:51  Stalker  
  64  4:52  Probe  
  68  4:55  Pylon  
  66  5:01  Probe (Chrono Boost)  
  68  5:07  Probe (Chrono Boost)  
  68  5:13  Observer, Probe (Chrono Boost)  
  70  5:18  Gateway  
  70  5:20  Gateway, Probe x2 (Chrono Boost)  
  72  5:22  Protoss Ground Weapons Level 1 (Chrono Boost), Pylon  
  72  5:24  Charge  
  72  5:27  Probe  
  73  5:28  Probe  
  74  5:39  Probe  
  74  5:40  Probe  
  76  5:48  Zealot x2  
  76  5:49  Gateway  
  80  5:51  Probe  
  80  5:53  Gateway, Probe  
  80  5:56  Immortal (Chrono Boost)  
  82  5:58  Templar Archives  
  86  6:06  Pylon  
  86  6:07  Assimilator  
  86  6:09  Gateway  
  86  6:10  Gateway  
  86  6:15  Zealot x2  
  90  6:23  Pylon  
  90  6:25  Zealot x2  
  94  6:28  Colossus (Chrono Boost), Pylon  
  100  6:35  Pylon  
  98  6:44  Stalker x2  
  98  6:45  Stalker  
  98  6:50  High Templar  
  100  6:58  Zealot x2  
  100  7:00  Pylon  
  104  7:05  High Templar  
  106  7:09  Zealot x4  
  106  7:14  Probe (Chrono Boost)  
  108  7:18  Probe (Chrono Boost)  
  108  7:19  Probe (Chrono Boost)  
  109  7:24  Probe (Chrono Boost)  
  109  7:26  Zealot x3  
  109  7:27  Probe x2 (Chrono Boost)  
  95  7:33  Photon Cannon  
  95  7:34  Probe (Chrono Boost)  
  92  7:37  Probe x2 (Chrono Boost)  
  92  7:40  Warp Prism (Chrono Boost)  
  92  7:42  High Templar, Probe x2 (Chrono Boost)  
  95  7:45  Photon Cannon, Probe  
  95  7:53  Probe  
  95  7:54  High Templar  
  95  7:55  Probe  
  95  7:57  Archon, Probe  
  97  7:59  Archon  
  97  8:03  Zealot x3  
  97  8:05  Probe (Chrono Boost)  
  104  8:10  Probe (Chrono Boost)  
  104  8:13  Probe (Chrono Boost)  
  104  8:14  Observer (Chrono Boost)  
  104  8:17  Probe (Chrono Boost)  
  101  8:22  Zealot x2  
  101  8:24  Probe x2 (Chrono Boost)  
  101  8:25  Probe (Chrono Boost)  
  102  8:32  Probe  
  102  8:34  Zealot x3, Probe  
  97  8:42  High Templar x2, Probe (Chrono Boost)  
  97  8:44  Probe (Chrono Boost)  
  97  8:47  Archon  
  103  8:51  Probe (Chrono Boost)  
  105  8:55  Probe (Chrono Boost)  
  105  8:57  Probe (Chrono Boost)  
  105  9:00  Probe x2 (Chrono Boost)  
  101  9:04  Probe  
  84  9:10  Probe x2  
  83  9:22  Zealot x6  
Show
View Real Time Build Order
Export as new Build Order

Clem Terran - Winner!

Build Orders: Reaper Expand 

Get SALT Encoding   

  12  0:00  SCV  
  13  0:12  SCV  
  14  0:16  Supply Depot  
  14  0:24  SCV  
  15  0:38  SCV  
  15  0:39  Barracks  
  16  0:43  Refinery  
  16  0:50  SCV  
  17  1:02  SCV  
  18  1:14  SCV  
  19  1:27  Orbital Command, Reaper  
  20  1:38  Command Center  
  20  1:46  Supply Depot  
  20  1:52  SCV  
  21  1:58  Marine  
  22  2:04  SCV  
  22  2:07  Factory  
  23  2:13  Bunker  
  23  2:16  Marine  
  23  2:18  SCV  
  25  2:25  Refinery  
  25  2:30  SCV  
  25  2:34  Barracks Reactor  
  26  2:42  SCV  
  27  2:54  SCV  
  27  2:56  Hellion  
  27  2:57  Orbital Command, Starport  
  30  3:06  SCV  
  30  3:10  Marine x2  
  33  3:19  Widow Mine, SCV  
  36  3:23  SCV  
  36  3:26  Supply Depot  
  37  3:28  Marine x2  
  37  3:31  SCV  
  37  3:33  Medivac  
  42  3:35  SCV  
  42  3:43  SCV  
  42  3:45  Barracks, Widow Mine  
  42  3:46  Marine  
  42  3:48  SCV, Marine  
  48  3:53  Supply Depot  
  48  3:55  SCV  
  49  4:00  SCV  
  50  4:03  Viking  
  50  4:06  Cyclone  
  54  4:12  Supply Depot  
  54  4:15  SCV x2, Marine x2  
  58  4:23  Barracks  
  58  4:27  SCV x2  
  60  4:33  Barracks Tech Lab  
  60  4:34  Supply Depot  
  60  4:36  Starport Tech Lab, Marine x2  
  62  4:39  Factory Reactor, SCV x2  
  62  4:45  Refinery  
  64  4:48  Supply Depot  
  64  4:51  SCV x2  
  66  4:54  Marine, Marauder  
  66  4:55  Marine  
  66  4:58  Stimpack  
  70  5:02  Refinery  
  70  5:03  SCV  
  70  5:04  SCV  
  67  5:08  Supply Depot  
  66  5:14  Marine x2  
  66  5:15  SCV  
  66  5:16  SCV  
  66  5:18  Marauder  
  66  5:19  Engineering Bay  
  66  5:20  Starport Reactor  
  72  5:23  Combat Shield  
  72  5:25  Marauder  
  72  5:28  Widow Mine x2, SCV  
  79  5:31  Supply Depot  
  79  5:33  SCV  
  79  5:34  Marine x2  
  82  5:39  Marauder  
  82  5:53  Command Center  
  82  5:54  Marine x2  
  82  5:56  Marauder  
  82  5:57  Medivac  
  82  6:00  Medivac  
  82  6:03  Widow Mine  
  90  6:04  Widow Mine  
  90  6:06  Marauder  
  90  6:09  Terran Infantry Weapons Level 1  
  92  6:11  Supply Depot  
  92  6:14  Marine x2  
  92  6:17  Marauder  
  96  6:23  SCV  
  96  6:24  Armory, SCV  
  100  6:26  Widow Mine x2  
  102  6:33  Supply Depot, Medivac  
  102  6:35  Marauder  
  102  6:38  Medivac  
  102  6:39  Marine  
  108  6:43  Marauder  
  108  6:46  Supply Depot  
  110  6:47  Concussive Shells  
  110  6:55  Widow Mine x2, Marine  
  110  6:59  Barracks  
  110  7:00  Barracks  
  115  7:05  Orbital Command  
  115  7:13  Marine  
  115  7:15  Medivac x2  
  120  7:16  Marauder x2  
  120  7:17  Widow Mine x2  
  120  7:21  Marine, Supply Depot  
  118  7:31  Marine, SCV  
  118  7:35  SCV  
  115  7:37  Marauder  
  115  7:38  Marauder  
  115  7:39  Marine, Widow Mine  
  115  7:41  Orbital Command, Widow Mine  
  120  7:45  SCV  
  120  7:48  Marine  
  122  7:51  Barracks Tech Lab  
  122  7:52  Barracks Reactor  
  122  7:53  SCV  
  122  7:57  Medivac, Marine  
  122  7:58  Medivac  
  128  7:59  Marauder  
  128  8:00  Supply Depot  
  128  8:03  Marauder  
  128  8:05  SCV  
  131  8:06  Marine, SCV  
  133  8:13  SCV  
  133  8:17  SCV  
  133  8:18  Marauder  
  137  8:20  Marauder, Widow Mine x2  
  137  8:25  Marine  
  140  8:29  Marauder, SCV  
  140  8:31  Supply Depot, Marine  
  139  8:34  Marine x2  
  139  8:36  SCV  
  139  8:38  SCV  
  139  8:39  Viking  
  139  8:40  Viking, Marauder  
  149  8:45  Marine, Ghost Academy  
  149  8:48  Supply Depot, SCV x2  
  152  8:50  SCV  
  152  8:51  Marine  
  152  8:52  Marauder  
  152  8:54  Marauder  
  158  8:56  Supply Depot  
  158  8:59  Widow Mine x2  
  158  9:00  Marine x2  
  162  9:04  Marauder  
Tags
 
Add a new tag
Caveats
  • Supply blocks, unpowered buildings, or Contaminate may cause inaccurate times.
  • Supply counts are checked every 10 seconds.